 Dungeon Sprint DCSS version 0.27.0-1-g7a089689b8 (webtiles) character file.

Game seed: 2204184150390904922

248 xpp the Ducker (level 5, -7/52 HPs)
             Began as a Draconian Berserker on July 31, 2021.
             Was a Believer of Trog.
             Mangled by a neqoxec (8 damage)
             ... in the Dungeon (Sprint II: "The Violet Keep of Menkaure").
             The game lasted 00:01:03 (36 turns).

xpp the Ducker (Draconian Berserker)                  Turns: 36, Time: 00:01:04

Health: -7/52      AC:  5    Str: 19      XL:     5   Next: 86%
Magic:  5/5        EV: 14    Int:  6 (7)  God:    Trog [**....]
Gold:   0          SH:  0    Dex: 10      Spells: 4/4 levels left

rFire    . . .     SeeInvis .   a - +0 falchion
rCold    . . .     Faith    .   (no shield)
rNeg     . . .     Spirit   .   (armour unavailable)
rPois    .         Reflect  .   (helmet restricted)
rElec    .         Harm     .   (no cloak)
rCorr    .         Rampage  .   (no gloves)
Will     .....     NoTele   +   (no boots)
Stlth    +.........             (no amulet)
HPRegen  0.17/turn              (no ring)
MPRegen  0.09/turn              (no ring)

@: on berserk cooldown, slowed, lost intelligence, very slow
A: AC +5, unfitting armour, cold-blooded, weak 1
a: Renounce Religion, Berserk, Trog's Hand


You were in the Dungeon.
You worshipped Trog.
Trog was pleased with you.
You visited 1 branch

Inventory:

Hand Weapons
 a - a +0 falchion (weapon)
Scrolls
 g - a scroll of blinking
Potions
 b - a potion of curing
 d - a potion of haste
 e - 2 potions of magic
 f - a potion of berserk rage


   Skills:
 + Level 7.4 Fighting
 + Level 7.4 Long Blades
 * Level 7.9 Dodging


You had 4 spell levels left.
You didn't know any spells.
Your spell library was empty.

Dungeon Overview and Level Annotations

Branches:
Dungeon (1/1)

Altars:


Innate Abilities, Weirdness & Mutations

Your plain brown scales are hard. (AC +5)
You cannot fit into any form of body armour.
You are cold-blooded and may be slowed by cold attacks.
You are weak. (Str -2)


Message History

Trog accepts your kill.
You can now call upon Trog for regeneration and willpower.
The neqoxec gestures at you.
You feel dopey. Something feeds on your intellect!
The neqoxec hits you but does no damage.
You feel your intelligence returning.
Your Fighting skill increases to level 7!
Your Long Blades skill increases to level 7!
Your Dodging skill increases to level 7!
You have reached level 5!
You hit the neqoxec.
The neqoxec is lightly wounded.
The neqoxec hits you!
* * * LOW HITPOINT WARNING * * *
You feel much better. The neqoxec closely misses you.
You barely miss the neqoxec.
The neqoxec is lightly wounded.
The neqoxec hits you. x2
You hit the neqoxec.
The neqoxec is lightly wounded.
The neqoxec hits you.
You slash the neqoxec!
Your tail-slap misses the neqoxec.
The neqoxec is moderately wounded.
The neqoxec hits you!
* * * LOW HITPOINT WARNING * * *
The neqoxec misses you.
You hit the neqoxec.
The neqoxec is heavily wounded.
The neqoxec misses you.
You riposte.
You hit the neqoxec.
You tail-slap the neqoxec, but do no damage.
The neqoxec is heavily wounded.
You barely miss the neqoxec.
The neqoxec is heavily wounded.
The neqoxec hits you!
* * * LOW HITPOINT WARNING * * *
You hit the neqoxec but do no damage.
The neqoxec is heavily wounded.
The neqoxec hits you!
You die...

# #. #+#
#.##.##
#33@<.+
#..##.##
#. #+# #


You could see 2 neqoxecs.

Vanquished Creatures
  2 neqoxecs (D)
2 creatures vanquished.

Notes
Turn   | Place    | Note
-------+----------+-------------------------------------------
     0 | D        | xpp the Draconian Berserker began the quest for the Orb.
     0 | D        | Reached XP level 1. HP: 19/19 MP: 1/1
     1 | D        | Noticed a neqoxec
     1 | D        | Noticed a neqoxec
     1 | D        | Noticed a neqoxec
     1 | D        | Noticed a neqoxec
     9 | D        | Gained mutation: You are weak. (Str -2) [a neqoxec]
    11 | D        | Killed a neqoxec
    12 | D        | Reached XP level 2. HP: 25/30 MP: 2/2
    12 | D        | Reached XP level 3. HP: 31/37 MP: 3/3
    12 | D        | Reached XP level 4. HP: 37/44 MP: 4/4
    20 | D        | Lost intelligence.
    28 | D        | Killed a neqoxec
    28 | D        | Reached ** piety under Trog
    29 | D        | Reached XP level 5. HP: 16/52 MP: 5/5
    35 | D        | HP: 1/52 [neqoxec (10)]
    36 | D        | Mangled by a neqoxec

Illustrated notes

Levels and vault maps discovered:
D:        the_violet_keep_of_menkaure [sprint2_stairs_cluster_1,
          sprint2_shoproom, sprint2_temple, sprint2_basic_supplies,
          sprint2_obstacle_1, sprint2_obstacle_5, sprint2_obstacle_7,
          sprint2_obstacle_4, sprint2_obstacle_3, sprint2_timed_cluster_1,
          sprint2_smallroom_cluster_1, sprint2_smallroom_final_cluster_1,
          sprint2_transparent_cluster_1, sprint2_second_timed_cluster_1,
          sprint2_sniper_area_1, sprint2_heavy_combat_area_1,
          sprint2_mutation_trap_area_1, sprint2_forest_area_1,
          sprint2_light_combat_area_1, sprint2_behind_water_1,
          sprint2_near_end_vault_1]

Skill      XL: |  1  2  3  4 |
---------------+-------------+-----
Fighting       | 6 7 |  7.4
Long Blades    | 6 7 |  7.4
Dodging        | 6 7 |  7.9

Action                   |  1- 3 |  4- 6 || total
-------------------------+-------+-------++-------
Melee: Falchion          |     9 |    20 ||    29
       Tailslap          |     1 |     2 ||     3
Invok: Berserk           |     1 |       ||     1
  Use: Potion            |       |     1 ||     1
Armor: Skin              |       |     4 ||     4
Dodge: Dodged            |     2 |     6 ||     8
       Rpst.: Falchion   |       |     2 ||     2
